 Dungeon Crawl Stone Soup version 0.29.1-1-gd02db69 (webtiles) character file.

Game seed: 15980821495372337153

711 Kel the Cleaver (level 7, -2/41 HPs)
             Began as a Gargoyle Berserker on Nov 27, 2022.
             Was a Believer of Trog.
             Slain by an ogre
             ... wielding a +0 giant club
              (3 damage)
             ... on level 5 of the Dungeon.
             The game lasted 00:06:40 (5503 turns).

Kel the Cleaver (Gargoyle Berserker)                Turns: 5503, Time: 00:06:41

Health: -2/41      AC: 16    Str: 23    XL:     7   Next: 68%
Magic:  16/16      EV:  8    Int:  7    God:    Trog [**....]
Gold:   252        SH:  0    Dex: 11    Spells: 6/6 levels left

rFire   . . .      SeeInvis .   y - +2 dire flail
rCold   + . .      Faith    .   (shield currently unavailable)
rNeg    + . .      Spirit   .   x - +0 chain mail
rPois   ∞          Reflect  .   n - +0 helmet
rElec   +          Harm     .   (no cloak)
rCorr   .          Rampage  .   i - +0 pair of gloves
Will    .....                   u - +0 pair of boots
Stlth   ..........              d - amulet of magic regeneration
HPRegen 0.13/turn               e - ring of magical power
MPRegen 0.55/turn               s - ring "Saopp" {Wiz rC+ Dex+2}

@: no status effects
A: sickness immunity, AC +4, negative energy resistance 1, electricity
resistance, torment resistance 1, petrification resistance
a: Renounce Religion, Berserk, Trog's Hand


You were on level 5 of the Dungeon.
You worshipped Trog.
Trog was pleased with you.
You visited 1 branch of the dungeon, and saw 5 of its levels.

You collected 252 gold pieces.

Inventory:

Hand Weapons
 y - a +2 dire flail (weapon)
Armour
 i - a +0 pair of gloves (worn)
 n - a +0 helmet (worn)
 u - a +0 pair of boots (worn)
 x - a +0 chain mail (worn)
Jewellery
 d - an amulet of magic regeneration (around neck)
 e - a ring of magical power (left hand)
 s - the ring "Saopp" (right hand) {Wiz rC+ Dex+2}
   (You found it on level 3 of the Dungeon)

   [ring of wizardry]

   It improves your spell success rate.
   Dex:       It affects your dexterity (+2).
   rC:        It protects you from cold.
Wands
 a - a wand of mindburst (10)
Scrolls
 b - 2 scrolls of butterflies {unknown}
 f - a scroll of magic mapping {unknown}
 h - a scroll of brand weapon {unknown}
 j - 9 scrolls of identify {unknown}
 k - a scroll of summoning {unknown}
 l - 2 scrolls of amnesia {unknown}
 m - 2 scrolls of poison {unknown}
 o - a scroll of fear {unknown}
 v - 2 scrolls of enchant weapon {unknown}
Potions
 c - a potion of mutation {unknown}
 g - 5 potions of heal wounds {unknown}
 p - a potion of lignification {unknown}
 q - a potion of curing {unknown}
 r - a potion of might {unknown}
 t - a potion of brilliance {unknown}
 w - 2 potions of magic {unknown}


   Skills:
 - Level 3.2 Fighting
 + Level 8.0 Axes
 - Level 2.1 Armour
 - Level 1.5 Dodging


You had 6 spell levels left.
You didn't know any spells.
Your spell library was empty.

Dungeon Overview and Level Annotations

Branches:
Dungeon (5/15)
 Temple: D:4-7

Altars:
Fedhas
Hepliaklqana
Trog


Innate Abilities, Weirdness & Mutations

You are immune to sickness and miasma.
Your stone body is resilient. (AC +4)
You are immune to poison.
You resist negative energy. (rN+)
You are resistant to electric shocks. (rElec)
You are resistant to unholy torment.
You are immune to petrification.


Message History

Items here: )) [[.
Okay, then.
HP restored.
b - 2 scrolls labelled DIOWKEDGH BIMAU (gained 1)
Found an escape hatch in the ceiling.
There is an escape hatch in the ceiling here.
You open the door.
There is an open door here.
You now have 252 gold pieces (gained 10).
a - a wand of mindburst (10) As you open the door, it creaks loudly!
There is an open door here.
Found a stone staircase leading down.
Key pressed, stopping explore.
No target in view!
j - 9 scrolls labelled NOACUI YSOSUA (gained 1)
You see here a +2 dagger of draining.
Found a cloak.
There is a stone staircase leading down here.
An ogre comes into view. It is wielding a +0 giant club.
Found a stone staircase leading up.
The ogre shouts!
You hit the ogre.
The ogre is lightly wounded.
The ogre hits you with a +0 giant club!!
You are too injured to fight recklessly!
You are too injured to fight recklessly!
You are too injured to fight recklessly!
You are too injured to fight recklessly!
You puncture the ogre!
The ogre is heavily wounded.
You sock the ogre!
The ogre is almost dead.
The ogre hits you with a +0 giant club!!
Ouch! That really hurt!
* * * LOW HITPOINT WARNING * * *
You closely miss the ogre.
The ogre is almost dead.
The ogre hits you with a +0 giant club.
You die...

#.#...###
#.....#.....##
#.#.#.# #.....#.....#
.. #...#.#
#.....#.....# #. #..
# . ## [####### #.
..# . #< .## #. ..#
#. ... #. #. #.# ##.
#.#O#### #.# ####..
#...@..###.#####.....
#.#.##..##.##....###.
#. ##.##.......# #.
#. #.##..##...# #. #.
#...>###...# #. #.
###### #...# ## #.
#.).# #. #####


You could see an ogre.

Vanquished Creatures
  An ogre (D:5)
  A centaur (D:5)
  A bullfrog (D:4)
  A scorpion (D:5)
  4 wights (D:5)
  A jelly (D:5)
  2 orc wizards (D:4)
  Robin (D:2)
  4 adders
  An ufetubus (D:4)
  3 worms
  A dart slug (D:1)
  4 orcs
  A bat (D:3)
  4 endoplasms
  5 giant cockroaches
  11 goblins
  11 hobgoblins
  2 jackals (D:2)
  9 kobolds
  3 quokkas
  6 ball pythons
  4 frilled lizards
  10 rats
91 creatures vanquished.

Notes
Turn   | Place    | Note
-------+----------+-------------------------------------------
     0 | D:1      | Kel the Gargoyle Berserker began the quest for the Orb.
     0 | D:1      | Reached XP level 1. HP: 14/14 MP: 1/1
   145 | D:1      | Reached skill level 3 in Axes
   280 | D:1      | Reached XP level 2. HP: 12/19 MP: 2/2
  1254 | D:2      | Reached XP level 3. HP: 18/23 MP: 3/3
  1359 | D:2      | You fall into a shaft and drop 2 floors!
  1411 | D:4      | Reached skill level 4 in Axes
  1423 | D:4      | Reached ** piety under Trog
  1426 | D:4      | Reached XP level 4. HP: 7/28 MP: 4/4
  2060 | D:2      | Found a hazy altar of Hepliaklqana.
  2367 | D:2      | Found a faded altar of an unknown god.
  2404 | D:2      | Noticed Robin
  2444 | D:2      | Killed Robin
  2445 | D:2      | Reached skill level 5 in Axes
  2445 | D:2      | Reached XP level 5. HP: 32/32 MP: 5/5
  2827 | D:3      | Identified the ring "Saopp" {Wiz rC+ Dex+2}
  3128 | D:3      | Found a bloodstained altar of Trog.
  3128 | D:3      | Found a hazy altar of Hepliaklqana.
  4448 | D:4      | Found a blossoming altar of Fedhas.
  4498 | D:4      | Reached skill level 6 in Axes
  4498 | D:4      | Reached XP level 6. HP: 35/37 MP: 6/6
  4753 | D:5      | Entered Level 5 of the Dungeon
  5007 | D:5      | Reached skill level 7 in Axes
  5007 | D:5      | Reached XP level 7. HP: 39/41 MP: 7/7
  5422 | D:5      | Reached skill level 8 in Axes
  5502 | D:5      | HP: 1/41 [ogre/+0 giant club (22)]
  5503 | D:5      | Slain by an ogre

Illustrated notes

Levels and vault maps discovered:
D:1:      dpeg_arrival_ratfight, layout_basic
D:2:      layout_basic, basic_altar, hellmonk_ecumenical_altar_blasted,
          wad_floor_pattern_2, uniq_robin
D:3:      kb_forest_paths, layout_loops_ring, gammafunk_temple_overflow_wave,
          hangedman_decor_diamond_cutter
D:4:      layout_gridville, lemuel_doored_altar
D:5:      layout_basic, minmay_temple_entry_arrows

Skill      XL: |  1  2  3  4  5  6  7 |
---------------+----------------------+-----
Axes           | 3 4 5 6 7 8 |  8.0
Fighting       | |  3.2
Armour         | |  2.1
Dodging        | |  1.5

Action                   |  1- 3 |  4- 6 |  7- 9 || total
-------------------------+-------+-------+-------++-------
Melee: Hand axe          |    67 |   215 |    21 ||   303
       Punch             |       |     2 |       ||     2
       Dire flail        |       |       |    12 ||    12
Invok: Berserk           |     1 |     2 |     1 ||     4
Armor: Animal skin       |     5 |       |       ||     5
       Ring mail         |    22 |    40 |       ||    62
       Skin              |     4 |       |       ||     4
       Scale mail        |       |    35 |       ||    35
       Chain mail        |       |    24 |     7 ||    31
Dodge: Dodged            |    45 |   131 |     7 ||   183
